 Seeded DCSS version 0.31-a0-851-g7ff8af7976 (webtiles) character file.

Game seed: 15484592631660376689 (custom seed)

1134 Danienth the Fighter (level 8, 0/76 HPs)
             Began as a Demonspawn Necromancer on Oct 6, 2023.
             Was a Plaything of Xom.
             Slain by a killer bee (7 damage)
             ... on level 5 of the Dungeon.
             The game lasted 00:25:11 (5155 turns).

Danienth the Fighter (Demonspawn Necromancer)       Turns: 5155, Time: 00:25:12

Health: 0/76       AC:  9    Str: 10 (11) XL:     8   Next: 14%
Magic:  14/14      EV: 17    Int: 29      God:    Xom [......]
Gold:   415        SH:  0    Dex: 19      Spells: 2/15 levels left

rFire   + . .        y - +4 dagger "Saafex" {vamp, rN+ Dex+2}
rCold   + + +        (no shield)
rNeg    + . .        o - +3 leather armour of the Sailor {rC+ Will+}
rPois   +            u - +0 helmet
rElec   +            (cloak unavailable)
rCorr   +            (no gloves)
SInv    .            (no boots)
Will    +....        (no amulet)
Stlth   +            D - +6 ring of intelligence
HPRegen 0.32/turn    q - +6 ring of intelligence
MPRegen 0.14/turn

%: no passive effects
@: confused, mighty, agile, resistant, ambrosia-drunk, hasted, very quick
A: molten scales 1, weakness stinger 3, agile 1, cold resistance 2, poison
resistance, strong 1
a: Renounce Religion


You were on level 5 of the Dungeon.
You worshipped Xom.
You were a very special plaything of Xom.
You visited 1 branch of the dungeon, and saw 5 of its levels.

You collected 2080 gold pieces.
You spent 1665 gold pieces at shops.

Inventory:

Hand Weapons
 y - the +4 dagger "Saafex" (weapon) {vamp, rN+ Dex+2}
   (You bought it in a shop on level 5 of the Dungeon)

   Dex+2:     It affects your dexterity (+2).
   rN+:       It protects you from negative energy.
 z - a +0 sling of draining
Missiles
 j - 17 poisoned darts
Armour
 a - a +0 robe
 o - the +3 leather armour of the Sailor (worn) {rC+ Will+}
   (You found it on level 3 of the Dungeon)

   rC+:       It protects you from cold.
   Will+:     It increases your willpower.
 u - a +0 helmet (worn)
Magical Staves
 c - a staff of death
Jewellery
 k - a ring of see invisible
 q - a +6 ring of intelligence (right hand)
 C - a +5 ring of evasion
 D - a +6 ring of intelligence (left hand)
Wands
 w - a wand of polymorph (16)
 E - a wand of flame (17)
Scrolls
 e - a scroll of revelation {unknown}
 g - a scroll of vulnerability {unknown}
 h - a scroll of fog {unknown}
 i - 2 scrolls of teleportation
 n - a scroll of poison {unknown}
 p - 2 scrolls of identify
 s - a scroll of amnesia {unknown}
 t - a scroll of immolation {unknown}
 v - a scroll of fear {unknown}
 x - a scroll of blinking {unknown}
Potions
 b - 3 potions of magic
 d - 2 potions of curing
 l - a potion of invisibility {unknown}
 m - a potion of heal wounds {unknown}
 r - a potion of mutation {unknown}
 A - a potion of might
 B - a potion of brilliance


   Skills:
 - Level 12.0 Fighting
 * Level 1.2 Short Blades
 - Level 4.9 Staves
 - Level 1.9 Dodging
 - Level 1.8 Stealth
 + Level 4.0 Spellcasting
 - Level 4.4 Necromancy


You had 2 spell levels left.
You knew the following spells:

 Your Spells              Type           Power      Damage    Failure   Level
a - Necrotise             Necr           100%       1d9       1%          1
b - Vampiric Draining     Necr           31%        2d8       4%          3
c - Animate Dead          Necr           31%        N/A       16%         4
d - Poisonous Vapours     Pois/Air       10%        N/A       14%         2
e - Mephitic Cloud        Conj/Pois/Air  5%         N/A       28%         3

Your spell library contained the following spells:

 Spells                   Type           Power      Damage    Failure   Level
 Agony                    Necr           31%        N/A       38%         5
 Summon Ice Beast         Ice/Summ       5%         N/A       67%         4
 Freezing Cloud           Conj/Ice/Air   2%         6-21      95%         5
 Summon Mana Viper        Hex/Summ       5%         N/A       95%         5
 Monstrous Menagerie      Summ           2%         N/A       100%        7


Dungeon Overview and Level Annotations

Branches:
Dungeon (5/15)
 Temple: D:4-7

Altars:
Fedhas
Xom

Shops:
D:5 [(!=

Annotations:
D:5 1 transporter, LlamaRama1234's ghost, novice HOMo


Innate Abilities, Weirdness & Mutations

You are partially covered in molten scales. (AC +2)
You have a sharp stinger which inflicts weakening toxins.
You are agile. (Dex +4, Str/Int -1)
Your flesh is very cold resistant. (rC++)
Your system is resistant to poisons. (rPois)
Your muscles are strong. (Str +4, Int/Dex -1)


Message History

The white imp disappears in a puff of smoke!
The killer bee barely misses you.
The killer bee rages.
LlamaRama1234's ghost completely misses you.
The white imp closely misses your killer bee zombie.
You puncture your killer bee zombie!
You destroy your killer bee zombie!
You hear an angry buzzing noise.
The killer bee completely misses you. LlamaRama1234's ghost hits you!
* * * LOW HITPOINT WARNING * * *
You emit a cloud of colourful smoke!
You hear an angry buzzing noise. x2
You barely miss LlamaRama1234's ghost.
LlamaRama1234's ghost is heavily damaged.
The killer bee rages.
The killer bee closely misses you. The killer bee misses you.
You bump into the rock wall.
The killer bee closely misses you.
LlamaRama1234's ghost hits you but does no damage.
The white imp misses you.
You miss LlamaRama1234's ghost.
LlamaRama1234's ghost is heavily damaged.
The killer bee misses you.
The killer bee rages.
LlamaRama1234's ghost barely misses you.
You hit LlamaRama1234's ghost.
LlamaRama1234's ghost is heavily damaged.
The killer bee stings you but does no damage.
The white imp gestures at you. The puff of frost hits you. You resist.
* * * LOW HITPOINT WARNING * * *
The killer bee closely misses you.
You bump into the rock wall.
The killer bee closely misses you.
LlamaRama1234's ghost hits you but does no damage.
The white imp hits you but does no damage.
You completely miss the killer bee. The killer bee misses you.
LlamaRama1234's ghost hits you!
* * * LOW HITPOINT WARNING * * *
The killer bee stings you!
You die...
Xom snickers!

### #.# #.....©.......###.......
..# #.# ####....##.....##.......
#.# #.######....###.##..##.......
#.###..##>.........©.............
#.........#..#############....###
######..#...#####..©..#####...#
####..###.§.#y..#...###..#
#..##..#5W###..#..##..#
#..###.#@#...#.#.###..# #...#
###yy#..### #...#
##.###...#y..#.#.###..#
#.##y.#.!###..#..##..#
#.###y..#.yy#...###..#
#..#####yyyy$#####...#
##..#############..#.#
##.......©.......##.#
########...........#


You could see 4 killer bees, LlamaRama1234's ghost (strong, resistant) and a
white imp (summoned).

Vanquished Creatures
  A scorpion (D:4)
  A killer bee (D:5)
  3 hounds (D:5)
  2 jellies
  3 orc priests
  Ijyb (D:5)
  Natasha (thrice) (D:4)
  An iguana (D:4)
  A killer bee zombie (D:5)
  6 adders
  4 gnolls (D:4)
  2 shadow imps (D:5)
  A worm (D:3)
  3 dart slugs
  4 orcs
  5 ball pythons
  4 bats
  11 endoplasms
  2 giant cockroaches
  9 goblins
  4 hobgoblins
  4 kobolds
  3 quokkas (D:1)
  4 frilled lizards
  5 rats
87 creatures vanquished.

Vanquished Creatures (collateral kills)
  Menkaure (D:5)
  A scorpion (D:4)
  2 jellies (D:4)
  3 orcs (D:5)
  2 endoplasms (D:1)
  A kobold (D:4)
  A bat (D:1)
  2 frilled lizards (D:1)
13 creatures vanquished.

Vanquished Creatures (others)
  2 hound zombies (D:5)
2 creatures vanquished.

Grand Total: 102 creatures vanquished

Notes
Turn   | Place    | Note
-------+----------+-------------------------------------------
     0 | D:1      | Danienth the Demonspawn Necromancer began the quest for the
                  | Orb.
     0 | D:1      | Reached XP level 1. HP: 13/13 MP: 3/3
   111 | D:1      | Identified 3 scrolls of acquirement
   111 | D:1      | Acquired 657 gold pieces
   113 | D:1      | Acquired 1178 gold pieces
   115 | D:1      | Acquired a staff of death
   138 | D:1      | Gained mutation: You are partially covered in molten
                  | scales. (AC +2) [demonic ancestry]
   138 | D:1      | Reached XP level 2. HP: 20/20 MP: 1/5
   245 | D:1      | Reached skill level 1 in Staves
   395 | D:1      | Reached skill level 1 in Fighting
   737 | D:1      | Reached XP level 3. HP: 23/26 MP: 3/6
  1605 | D:2      | Reached XP level 4. HP: 33/33 MP: 0/7
  1980 | D:2      | Found a faded altar of an unknown god.
  1984 | D:2      | Prayed at the altar of an unknown god.
  1984 | D:2      | Became a worshipper of Xom of Chaos
  2213 | D:3      | XOM: silly message
  2357 | D:3      | XOM: silly message
  2359 | D:3      | Identified the +3 leather armour of the Sailor {rC+ Will+}
  2821 | D:3      | Reached skill level 2 in Fighting
  2868 | D:3      | Reached XP level 5. HP: 36/38 MP: 2/9
  2967 | D:4      | Noticed Natasha
  2977 | D:4      | XOM: potion effect (magic)
  2981 | D:4      | Killed Natasha
  2990 | D:4      | Noticed Natasha
  3003 | D:4      | Killed Natasha
  3276 | D:4      | XOM: silly message
  3308 | D:4      | XOM: silly message
  3313 | D:4      | XOM: potion effect (might)
  3314 | D:4      | XOM: potion effect (experience)
  3314 | D:4      | Reached skill level 12 in Fighting
  3314 | D:4      | Gained mutation: You have a small tail. [demonic ancestry]
  3314 | D:4      | Reached XP level 6. HP: 64/64 MP: 2/10
  3318 | D:4      | Gained mutation: You have a tail ending in a sharp stinger.
                  | [demonic ancestry]
  3318 | D:4      | Reached XP level 7. HP: 66/70 MP: 0/11
  3362 | D:4      | XOM: 2-stop teleportation journey
  3678 | D:4      | XOM: cast spell 'Summon Dragon'
  3843 | D:4      | Noticed Natasha
  3849 | D:4      | Killed Natasha
  3879 | D:4      | XOM: give mutations
  3879 | D:4      | Gained mutation: Your system is resistant to poisons.
                  | (rPois) [Xom's grace]
  3879 | D:4      | Gained mutation: Your flesh is cold resistant. (rC+) [Xom's
                  | grace]
  4029 | D:5      | Entered Level 5 of the Dungeon
  4029 | D:5      | Noticed Menkaure
  4076 | D:5      | Noticed a yak
  4076 | D:5      | Noticed a yak
  4076 | D:5      | Noticed a yak
  4077 | D:5      | Noticed a yak
  4086 | D:4      | XOM: smoke on damage
  4111 | D:4      | XOM: give mutations
  4111 | D:4      | Gained mutation: You are agile. (Dex +4, Str/Int -1) [Xom's
                  | grace]
  4111 | D:4      | Gained mutation: Your muscles are strong. (Str +4, Int/Dex
                  | -1) [Xom's grace]
  4111 | D:4      | Gained mutation: Your flesh is very cold resistant. (rC++)
                  | [Xom's grace]
  4256 | D:4      | XOM: scenery: create altars
  4439 | D:5      | Learned a level 3 spell: Vampiric Draining
  4444 | D:5      | Learned a level 4 spell: Animate Dead
  4447 | D:5      | Learned a level 2 spell: Poisonous Vapours
  4451 | D:5      | Learned a level 3 spell: Mephitic Cloud
  4477 | D:5      | Noticed LlamaRama1234's ghost (novice HOMo)
  4485 | D:5      | Found a transporter.
  4487 | D:5      | XOM: summons friendly ice devil
  4493 | D:5      | Killed Menkaure
  4541 | D:5      | XOM: torment (33/70 hp)
  4662 | D:5      | Found a transporter.
  4688 | D:5      | Found a transporter.
  4706 | D:5      | Found a blossoming altar of Fedhas.
  4752 | D:5      | Noticed Ijyb
  4755 | D:5      | XOM: silly message
  4770 | D:5      | Killed Ijyb
  4811 | D:5      | Gained mutation: You have a sharp stinger which inflicts
                  | weakening toxins. [demonic ancestry]
  4811 | D:5      | Reached XP level 8. HP: 45/76 MP: 5/13
  4816 | D:5      | Found Botenutz's Weapon Shoppe.
  4817 | D:5      | Found Abbesy's Armour Shoppe.
  4907 | D:5      | Found Setreimm's Distillery.
  4910 | D:5      | Bought the +4 dagger "Saafex" {vamp, rN+ Dex+2} for 496
                  | gold pieces
  4910 | D:5      | Bought a +0 sling of draining for 56 gold pieces
  4912 | D:5      | Found Ogidy's Jewellery Shoppe.
  4922 | D:5      | Bought a potion of curing for 45 gold pieces
  4922 | D:5      | Bought a potion of brilliance for 60 gold pieces
  4926 | D:5      | Bought a +5 ring of evasion for 504 gold pieces
  4926 | D:5      | Bought a +6 ring of intelligence for 504 gold pieces
  4960 | D:5      | Found a transporter.
  5059 | D:5      | Reached skill level 1 in Short Blades
  5123 | D:5      | XOM: stat loss: -1 Str (10/11)
  5127 | D:5      | XOM: chaos cloud
  5139 | D:5      | XOM: summons 2 hostile demons
  5149 | D:5      | XOM: smoke on damage
  5155 | D:5      | Slain by a killer bee

Illustrated notes

Levels and vault maps discovered:
D:1:      dpeg_arrival_pits, layout_loops_ring, minmay_misc_feat_iff,
          minivault_14
D:2:      layout_basic, hellmonk_ecumenical_altar_heavens_door, st_stairs_6,
          kennysheep_small_spiral, minmay_small_reverse_x
D:3:      layout_basic, serial_glass, glass_columns_b, glass_columns_b,
          glass_columns_c, glass_columns_b, glass_columns_c, glass_columns_b,
          chequers_serial_rivers_small_b, minmay_misc_feat_cross,
          grunt_ministairs_9, minmay_misc_feat_tower, minivault_24,
          minmay_misc_feat_columns, minmay_liquid_box, minmay_fountain_box
D:4:      layout_basic, uniq_natasha
D:5:      gammafunk_wand_slinger, layout_rooms,
          mainiacjoe_overflow_six_doors_small, mainiacjoe_overflow_chevrons,
          gammafunk_ghost_hive, minmay_shop_grid_forest, uniq_menkaure,
          uniq_ijyb

Skill      XL: |  1  2  3  4  5  6  7  8 |
---------------+-------------------------+-----
Staves         | 1 2 3 4 |  4.9
Fighting       | 1 2 12 | 12.0
Spellcasting   | 3 4 |  4.0
Short Blades   | 1 |  1.2
Dodging        | |  1.9
Stealth        | |  1.8
Necromancy     | |  4.4

Action                     |  1- 3 |  4- 6 |  7- 9 || total
---------------------------+-------+-------+-------++-------
  Melee: Unarmed           |     5 |       |       ||     5
         Staff             |    29 |    22 |    32 ||    83
         Punch             |       |     1 |     2 ||     3
         Tailslap          |       |       |     7 ||     7
         Dagger            |       |       |    22 ||    22
   Fire: Sling             |       |       |    27 ||    27
   Cast: Necrotise         |    64 |    52 |    28 ||   144
         Animate Dead      |       |       |     2 ||     2
    Use: Scroll            |     3 |     2 |     1 ||     6
         Potion            |       |       |     3 ||     3
   Stab: Sleeping          |     4 |     1 |       ||     5
 Armour: Robe              |    22 |     5 |       ||    27
         Leather armour    |       |    16 |    67 ||    83
         Skin              |       |       |    51 ||    51
  Dodge: Dodged            |    33 |    30 |    76 ||   139

Table legend: (Time is in decaauts)
 A = Elapsed time spent in this place.
 B = Non-inter-level travel time spent in this place.
 C = Inter-level travel time spent in this place.
 D = Time resting spent in this place.
 E = Time spent auto-exploring this place.
 F = Levels seen in this place.
 G = Mean time per level.
                   A        B        C        D        E       F      G
               +--------+--------+--------+--------+--------+-----+--------+
         Total |   5168 |   4895 |    273 |    435 |   3653 |   5 | 1033.6 |
       Dungeon |   5168 |   4895 |    273 |    435 |   3653 |   5 | 1033.6 |
               +--------+--------+--------+--------+--------+-----+--------+

Top non-repeatable levels by time:
     D:4: 1430 daAuts
     D:1: 1221 daAuts
     D:2: 980 daAuts
     D:3: 795 daAuts
     D:5: 741 daAuts
